[Event "CZE-ch Youth B12 2022"]
[Site "Luhacovice"]
[Date "2022.03.16"]
[Round "6.6"]
[White "Mik, Tomas"]
[Black "Stejskal, Jakub"]
[Result "1-0"]
[ECO "C48"]
[WhiteElo "1643"]
[BlackElo "1557"]
[Annotator "NA"]
[PlyCount "49"]
[EventDate "2022.03.12"]
[EventType "swiss"]
[EventCountry "CZE"]
[SourceTitle "playchess.com"]
[Source "ChessBase"]
[SourceQuality "1"]
[TimeControl "5400+30"]

1. Nc3 e5 2. e4 Nc6 3. Nf3 Nf6 4. Bb5 a6 5. Bxc6 dxc6 6. Nxe5 Nxe4 7. Nxe4 Qd5 8. O-O Qxe5 9. Re1 Be7 10. d4 Qf5 11. Nc5 b6 12. Re5 Qg6 13. Qe2 Qd6 14. Bg5 f6 15. Ne4 Qd8 16. Nxf6+ Kf7 17. Qc4+ Kg6 18. Ne4 Bxg5 19. Rxg5+ Kh6 20. Qxc6+ Be6 21. Qxe6+ g6 22. Rd5 Qe8 23. Qh3+ Kg7 24. Rd7+ Kf8 25. Qf3+ 1-0

[Event "CZE-ch Youth B12 2022"]
[Site "Luhacovice"]
[Date "2022.03.16"]
[Round "6.7"]
[White "Chon, Jeremy"]
[Black "Kutil, Adam"]
[Result "0-1"]
[ECO "A04"]
[WhiteElo "1455"]
[BlackElo "1544"]
[Annotator "NA"]
[PlyCount "120"]
[EventDate "2022.03.12"]
[EventType "swiss"]
[EventCountry "CZE"]
[SourceTitle "playchess.com"]
[Source "ChessBase"]
[SourceQuality "1"]
[TimeControl "5400+30"]

1. Nf3 c5 2. e3 d5 3. d4 Nc6 4. b3 Bg4 5. Bb2 e6 6. Be2 Nf6 7. O-O Bd6 8. c4 dxc4 9. dxc5 Bxc5 10. Bxc4 O-O 11. h3 Bh5 12. Qe2 Qe7 13. Nbd2 Rfd8 14. Bxf6 gxf6 15. Ne4 Ba3 16. Ng3 Bg6 17. Nh4 Ne5 18. Nxg6 fxg6 19. f4 Nxc4 20. Qxc4 Rac8 21. Qe4 f5 22. Qf3 Bc5 23. Rfd1 e5 24. Nf1 e4 25. Qe2 Kg7 26. Rxd8 Rxd8 27. Rd1 Rxd1 28. Qxd1 Qd6 29. Qa1+ Kh6 30. g4 Qxf4 31. Qc1 Bb6 32. Qe1 Qg5 33. Qg3 f4 34. Qg2 fxe3 35. Qxe4 e2+ 36. Kg2 exf1=Q+ 37. Kxf1 Qc1+ 38. Ke2 Qb2+ 39. Kd1 Qd4+ 40. Qxd4 Bxd4 41. Ke2 Kg5 42. Kf3 b5 43. Ke4 Kh4 44. Kxd4 Kxh3 45. Kc5 Kxg4 46. Kxb5 h5 47. Ka6 h4 48. b4 h3 49. b5 h2 50. Kxa7 h1=Q 51. b6 Qf3 52. a4 Qa3 53. b7 Qxa4+ 54. Kb6 Qb4+ 55. Kc7 Qxb7+ 56. Kxb7 Kf4 57. Kc6 g5 58. Kc5 g4 59. Kd4 g3 60. Kd3 g2 0-1

[Event "CZE-ch Youth B12 2022"]
[Site "Luhacovice"]
[Date "2022.03.16"]
[Round "6.8"]
[White "Jansky, Adam"]
[Black "Sotek, Simon"]
[Result "0-1"]
[ECO "C54"]
[WhiteElo "1233"]
[BlackElo "1280"]
[Annotator "NA"]
[PlyCount "90"]
[EventDate "2022.03.12"]
[EventType "swiss"]
[EventCountry "CZE"]
[SourceTitle "playchess.com"]
[Source "ChessBase"]
[SourceQuality "1"]
[TimeControl "5400+30"]

1. e4 e5 2. Nf3 Nc6 3. Bc4 Bc5 4. c3 Nf6 5. d4 exd4 6. cxd4 Bb4+ 7. Nbd2 Nxe4 8. O-O Nxd2 9. Bxd2 Bxd2 10. Qxd2 d5 11. Bb5 O-O 12. Rae1 Bd7 13. Re3 Qf6 14. Ne5 Nxe5 15. dxe5 Qe6 16. Bxd7 Qxd7 17. Rg3 f6 18. Re1 Rae8 19. Rge3 fxe5 20. Rxe5 Rxe5 21. Rxe5 c6 22. Qb4 Re8 23. Rxe8+ Qxe8 24. h3 Qd7 25. Qd4 b6 26. Qf4 h6 27. Kf1 c5 28. Ke2 Qe7+ 29. Kd3 c4+ 30. Kc3 Qe1+ 31. Qd2 d4+ 32. Kc2 d3+ 33. Kc3 Qxd2+ 34. Kxd2 b5 35. Kd1 Kf7 36. Kd2 Ke6 37. Kd1 g5 38. g3 Ke5 39. f3 h5 40. Kd2 h4 41. gxh4 gxh4 42. Ke3 Kf5 43. f4 d2 44. Kxd2 Kxf4 45. Ke2 a5 0-1

[Event "CZE-ch Youth B12 2022"]
[Site "Luhacovice"]
[Date "2022.03.16"]
[Round "6.9"]
[White "Pasek, Josef"]
[Black "Mydlar, Matej"]
[Result "0-1"]
[ECO "A46"]
[WhiteElo "1351"]
[BlackElo "1554"]
[Annotator "NA"]
[PlyCount "79"]
[EventDate "2022.03.12"]
[EventType "swiss"]
[EventCountry "CZE"]
[SourceTitle "playchess.com"]
[Source "ChessBase"]
[SourceQuality "1"]
[TimeControl "5400+30"]

1. d4 Nf6 2. Nf3 e6 3. g3 b6 4. Bg2 Bb7 5. O-O c5 6. c4 d5 7. Ne5 cxd4 8. Qxd4 Bc5 9. Qd1 O-O 10. Nc3 Nbd7 11. Nxd7 Qxd7 12. cxd5 Nxd5 13. Nxd5 exd5 14. e3 Rad8 15. a3 a5 16. Qb3 Ba6 17. Rd1 Bc4 18. Qc3 a4 19. e4 Bb3 20. Rd3 d4 21. Qe1 Qb5 22. Bf1 Bc4 23. Rd1 d3 24. Be3 f5 25. e5 Rfe8 26. f4 Rd4 27. Bg2 Re4 28. Bxe4 fxe4 29. Rd2 Bxe3+ 30. Qxe3 Qc5 31. Kf2 Qc6 32. Rc1 b5 33. Rc3 Qd5 34. Ke1 h6 35. Kf2 Rf8 36. Qb6 Qxe5 37. Ke3 Qh5 38. Rf2 Qd1 39. Kxe4 Qe1+ 40. Kd4 0-1

[Event "CZE-ch Youth B12 2022"]
[Site "Luhacovice"]
[Date "2022.03.16"]
[Round "6.10"]
[White "Ruzicka, Oto"]
[Black "Kozdon, Marek"]
[Result "0-1"]
[ECO "B42"]
[WhiteElo "1233"]
[BlackElo "1183"]
[Annotator "NA"]
[PlyCount "108"]
[EventDate "2022.03.12"]
[EventType "swiss"]
[EventCountry "CZE"]
[SourceTitle "playchess.com"]
[Source "ChessBase"]
[SourceQuality "1"]
[TimeControl "5400+30"]

1. e4 c5 2. Nf3 e6 3. d4 cxd4 4. Nxd4 a6 5. Bd3 Qc7 6. O-O d6 7. c4 b6 8. Nc3 Bb7 9. Qe2 Nd7 10. f4 Rc8 11. b3 Be7 12. Bb2 Ngf6 13. Rfd1 O-O 14. Nf3 Rfe8 15. Rd2 Qb8 16. Rad1 Bd8 17. Bc2 Bc7 18. h3 Nc5 19. Kh1 Qa8 20. Re1 Nh5 21. Qe3 d5 22. e5 f6 23. Kg1 fxe5 24. fxe5 g6 25. Rf2 dxc4 26. bxc4 Rf8 27. Kh2 Bxf3 28. Rxf3 Rxf3 29. Qxf3 Qxf3 30. gxf3 Rf8 31. Bd1 Nd3 32. Re2 Nxb2 33. Rxb2 Bxe5+ 34. Kg1 Bxc3 35. Rb3 Bd4+ 36. Kg2 Rc8 37. Rb4 Nf4+ 38. Kg3 Nd3 39. Rb3 Nc5 40. Rb4 Rd8 41. Bc2 Kf7 42. h4 h6 43. Kh3 Rd6 44. Rb1 Bc3 45. Rg1 e5 46. Bb1 Nd3 47. Kh2 Nf4 48. Be4 Rd2+ 49. Kh1 Rxa2 50. Rd1 Ra1 51. Bb1 Bd4 52. Kh2 Ne2 53. Re1 Kf6 54. Kh1 Nc3 0-1

[Event "CZE-ch Youth B12 2022"]
[Site "Luhacovice"]
[Date "2022.03.16"]
[Round "6.11"]
[White "Topencik, Bruno"]
[Black "Tejnor, Martin"]
[Result "1-0"]
[ECO "E61"]
[WhiteElo "1339"]
[BlackElo "1367"]
[Annotator "NA"]
[PlyCount "121"]
[EventDate "2022.03.12"]
[EventType "swiss"]
[EventCountry "CZE"]
[SourceTitle "playchess.com"]
[Source "ChessBase"]
[SourceQuality "1"]
[TimeControl "5400+30"]

1. d4 Nf6 2. c4 g6 3. Nc3 Bg7 4. Nf3 d6 5. Bg5 O-O 6. Qd2 Re8 7. e3 Nbd7 8. Be2 e5 9. O-O h6 10. Bxf6 Bxf6 11. dxe5 Nxe5 12. Nd5 Bg7 13. Nxe5 Rxe5 14. Rfe1 Bf5 15. Bd3 Bd7 16. Nc3 Bc6 17. Bf1 Qd7 18. Ne2 Rae8 19. Nd4 Be4 20. Bd3 Bxd3 21. Qxd3 Rh5 22. Qf1 Re4 23. Rad1 Rg4 24. f3 Rgg5 25. f4 Ra5 26. a3 Qg4 27. Qf3 Qxf3 28. gxf3 Rac5 29. Rc1 Rh3 30. Rf1 a6 31. Nb3 Rf5 32. Rf2 Rhh5 33. Rd1 Kf8 34. Kg2 Rf6 35. Nd4 c5 36. Ne2 Ke7 37. Nc3 Re6 38. Nd5+ Kd8 39. Rfd2 Bf8 40. Kg3 f5 41. h4 Be7 42. Nxe7 Kxe7 43. Re1 Kd7 44. e4 fxe4 45. fxe4 Kc6 46. Rd5 Kd7 47. Rxh5 gxh5 48. f5 Rf6 49. Kf4 Ke7 50. Rg1 Kf7 51. a4 a5 52. Rg3 Kf8 53. b3 Kf7 54. Rg2 b6 55. Rd2 Ke7 56. Rg2 Kf7 57. e5 dxe5+ 58. Kxe5 Rc6 59. Rd2 Ke7 60. Rd3 Rf6 61. Rd7+ 1-0

[Event "CZE-ch Youth B12 2022"]
[Site "Luhacovice"]
[Date "2022.03.16"]
[Round "6.12"]
[White "Knapek, Jan"]
[Black "Letal, Hynek"]
[Result "0-1"]
[ECO "B78"]
[WhiteElo "1340"]
[BlackElo "1371"]
[Annotator "NA"]
[PlyCount "58"]
[EventDate "2022.03.12"]
[EventType "swiss"]
[EventCountry "CZE"]
[SourceTitle "playchess.com"]
[Source "ChessBase"]
[SourceQuality "1"]
[TimeControl "5400+30"]

1. e4 c5 2. Nf3 d6 3. d4 cxd4 4. Nxd4 Nf6 5. Nc3 g6 6. Be3 Bg7 7. f3 Nc6 8. Bc4 O-O 9. Qd2 Bd7 10. O-O-O Rb8 11. h4 Ne5 12. Bb3 b5 13. h5 Nc4 14. Bxc4 bxc4 15. hxg6 fxg6 16. f4 Qb6 17. Nb3 Qb7 18. e5 cxb3 19. cxb3 Ne4 20. Nxe4 Qxe4 21. Rde1 Rfc8+ 22. Kd1 Bg4+ 23. Re2 Qb1+ 24. Qc1 Rxc1+ 25. Bxc1 Qd3+ 26. Bd2 Qxe2+ 27. Kc1 Rc8+ 28. Bc3 Bf5 29. Rd1 Qc2# 0-1

[Event "CZE-ch Youth B12 2022"]
[Site "Luhacovice"]
[Date "2022.03.17"]
[Round "7.1"]
[White "Delgerdalai, Bayarjavkhlan"]
[Black "Popov, Roman"]
[Result "1-0"]
[ECO "D17"]
[WhiteElo "2074"]
[BlackElo "2353"]
[Annotator "ChessBase"]
[PlyCount "73"]
[EventDate "2022.03.12"]
[EventType "swiss"]
[EventCountry "CZE"]
[SourceTitle "playchess.com"]
[Source "ChessBase"]
[SourceQuality "1"]
[TimeControl "5400+30"]

1. d4 d5 2. c4 c6 3. Nc3 Nf6 4. Nf3 dxc4 5. a4 Bf5 6. Nh4 Bg6 7. Nxg6 hxg6 8. e4 e6 9. Bxc4 Bb4 10. Qd3 c5 11. d5 exd5 12. exd5 Qd6 13. g3 Nbd7 14. Bf4 Qe7+ 15. Kf1 O-O 16. d6 Qd8 17. Qxg6 Bxc3 18. bxc3 Nb6 19. Qd3 Nxc4 20. Qxc4 Qd7 21. Kg2 Qc6+ 22. f3 Nd5 23. Rhe1 Rfe8 24. Rad1 Rxe1 25. Rxe1 Rd8 26. Rd1 Rxd6 27. Re1 Nxf4+ 28. Qxf4 Qd7 29. Re2 b6 30. h4 Rd3 31. h5 Rd6 32. g4 Re6 33. Rd2 Qe7 34. Qb8+ Kh7 35. Rd8 Kh6 36. Kg3 g6 37. Rh8+ 1-0

[Event "CZE-ch Youth B12 2022"]
[Site "Luhacovice"]
[Date "2022.03.17"]
[Round "7.2"]
[White "Mikulka, Martin Michael"]
[Black "Vana, Jan"]
[Result "1-0"]
[ECO "B32"]
[WhiteElo "1406"]
[BlackElo "1609"]
[Annotator "NA"]
[PlyCount "55"]
[EventDate "2022.03.12"]
[EventType "swiss"]
[EventCountry "CZE"]
[SourceTitle "playchess.com"]
[Source "ChessBase"]
[SourceQuality "1"]
[TimeControl "5400+30"]

1. e4 c5 2. Nf3 Nc6 3. d4 cxd4 4. Nxd4 e5 5. Nb5 d6 6. N1c3 a6 7. Na3 b5 8. Nd5 Nge7 9. c4 Nxd5 10. exd5 Nd4 11. cxb5 Be7 12. Bd3 O-O 13. O-O f5 14. Be3 Bf6 15. Bxd4 exd4 16. bxa6 f4 17. f3 Bh4 18. Qc2 Rf6 19. Rac1 Rh6 20. Qc7 Qe8 21. Bb5 Qe3+ 22. Kh1 Bf5 23. Nc4 Qe2 24. Nxd6 Qxb2 25. Nxf5 Rg6 26. Nxh4 Rg5 27. Qxf4 h6 28. a4 1-0

[Event "CZE-ch Youth B12 2022"]
[Site "Luhacovice"]
[Date "2022.03.17"]
[Round "7.3"]
[White "Stary, Vojtech"]
[Black "Roubal, Matyas"]
[Result "1/2-1/2"]
[ECO "D00"]
[WhiteElo "1640"]
[BlackElo "1870"]
[Annotator "NA"]
[PlyCount "85"]
[EventDate "2022.03.12"]
[EventType "swiss"]
[EventCountry "CZE"]
[SourceTitle "playchess.com"]
[Source "ChessBase"]
[SourceQuality "1"]
[TimeControl "5400+30"]

1. d4 d5 2. Bf4 e6 3. e3 c5 4. c3 Bd6 5. Bg3 Nf6 6. Nd2 O-O 7. Ngf3 Nc6 8. Bd3 b6 9. e4 dxe4 10. Nxe4 Nxe4 11. Bxe4 Bb7 12. dxc5 Bxc5 13. Qa4 Rc8 14. Rd1 Qe7 15. O-O a6 16. b4 b5 17. Qa3 f5 $16 18. Bxc6 Bxc6 19. bxc5 Bxf3 20. gxf3 f4 21. Rd6 fxg3 22. fxg3 Rf5 23. Qb3 Rfxc5 24. Qxe6+ Qxe6 25. Rxe6 R8c6 26. Rxc6 Rxc6 27. Rc1 Rc4 28. Kf2 b4 29. Ke3 bxc3 30. Kd3 Ra4 31. Rc2 Ra3 32. Kc4 a5 33. f4 Kf7 34. Rf2 Kf6 35. g4 g5 36. h3 gxf4 37. Rxf4+ Kg5 38. Rf5+ Kg6 39. Kd3 a4 40. Rh5 h6 41. Kc2 Kg7 42. Kd3 Kg6 43. Ke4 1/2-1/2

[Event "CZE-ch Youth B12 2022"]
[Site "Luhacovice"]
[Date "2022.03.17"]
[Round "7.4"]
[White "Kutil, Adam"]
[Black "Martirosyan, David"]
[Result "1-0"]
[ECO "B52"]
[WhiteElo "1544"]
[BlackElo "1725"]
[Annotator "NA"]
[PlyCount "45"]
[EventDate "2022.03.12"]
[EventType "swiss"]
[EventCountry "CZE"]
[SourceTitle "playchess.com"]
[Source "ChessBase"]
[SourceQuality "1"]
[TimeControl "5400+30"]

1. e4 c5 2. Nf3 d6 3. Bb5+ Bd7 4. Bxd7+ Qxd7 5. c4 Nc6 6. O-O g6 7. d4 cxd4 8. Nxd4 Bg7 9. Be3 Nf6 10. f3 O-O 11. Nc3 Rac8 12. b3 a6 13. a4 Qc7 14. Qd2 Qa5 15. Nde2 Nd7 16. Rab1 Rfe8 17. Rfd1 Nc5 18. Bh6 Rcd8 19. Bxg7 Kxg7 20. Qb2 Ne6 21. Nd5+ Ne5 22. f4 Nxf4 23. Ndxf4 1-0

[Event "CZE-ch Youth B12 2022"]
[Site "Luhacovice"]
[Date "2022.03.17"]
[Round "7.5"]
[White "Kroulik, Vaclav"]
[Black "Soucek, Andrej"]
[Result "1/2-1/2"]
[ECO "D00"]
[WhiteElo "1645"]
[BlackElo "1399"]
[Annotator "NA"]
[PlyCount "86"]
[EventDate "2022.03.12"]
[EventType "swiss"]
[EventCountry "CZE"]
[SourceTitle "playchess.com"]
[Source "ChessBase"]
[SourceQuality "1"]
[TimeControl "5400+30"]

1. d4 d5 2. Bf4 Bf5 3. e3 e6 4. c3 Nf6 5. Nd2 c6 6. Ngf3 Nbd7 7. Be2 Be7 8. O-O O-O 9. Nh4 Bg6 10. Nxg6 hxg6 11. Qc2 Nb6 12. e4 dxe4 13. Nxe4 Nbd5 14. Bd2 Qc7 15. Rfe1 Rac8 16. Rad1 Rfd8 17. Bf3 Nxe4 18. Bxe4 Nf6 19. Bf3 c5 20. dxc5 Bxc5 21. Bg5 Bd6 22. g3 b5 23. Be2 b4 24. c4 Bc5 25. Bf3 Bd4 26. b3 Bc3 27. Bd2 Bxd2 28. Rxd2 Rxd2 29. Qxd2 a5 30. Rd1 Qe5 31. Qd4 Qf5 32. Kg2 e5 33. Qb6 e4 34. Be2 Re8 35. Rd8 Rxd8 36. Qxd8+ Kh7 37. Qd4 Nd7 38. Qd5 Nc5 39. h3 Kg8 40. Qd8+ Kh7 41. Qd5 Kg8 42. g4 Qxd5 43. cxd5 Kf8 1/2-1/2

[Event "CZE-ch Youth B12 2022"]
[Site "Luhacovice"]
[Date "2022.03.17"]
[Round "7.6"]
[White "Krautschneider, Daniel Jan"]
[Black "Mik, Tomas"]
[Result "0-1"]
[ECO "B22"]
[WhiteElo "1304"]
[BlackElo "1643"]
[Annotator "NA"]
[PlyCount "96"]
[EventDate "2022.03.12"]
[EventType "swiss"]
[EventCountry "CZE"]
[SourceTitle "playchess.com"]
[Source "ChessBase"]
[SourceQuality "1"]
[TimeControl "5400+30"]

1. e4 c5 2. c3 d5 3. exd5 Qxd5 4. Nf3 Nc6 5. d4 Bf5 6. c4 Qe4+ 7. Be3 cxd4 8. Nxd4 O-O-O 9. Nc3 Rxd4 10. Nxe4 Rxd1+ 11. Rxd1 Bxe4 12. f3 Bg6 13. Kf2 Nf6 14. a3 e6 15. b4 a5 16. b5 Ne5 17. a4 Bb4 18. c5 Nd5 19. Bd4 Nd7 20. c6 Nc5 21. Bc4 f6 22. Rc1 Rd8 23. Rhd1 Kc7 24. Kg3 Nc3 25. b6+ Kxc6 26. Rxc3 Rxd4 27. Rxd4 Bxc3 28. Bb5+ Kxb6 29. Rd6+ Kc7 30. Rd1 Be5+ 31. Kf2 Bc2 32. Rc1 Bd4+ 33. Ke2 Bb3 34. h3 Kd6 35. Kd2 Bxa4 36. Bxa4 Nxa4 37. Rc4 Bc3+ 38. Kc2 b5 39. Rh4 h6 40. Kb3 Be5 41. f4 Nc5+ 42. Kc2 Bd4 43. f5 e5 44. Rg4 b4 45. Rxg7 b3+ 46. Kb1 a4 47. Ra7 Ne4 48. Ra6+ Kc5 0-1

[Event "CZE-ch Youth B12 2022"]
[Site "Luhacovice"]
[Date "2022.03.17"]
[Round "7.7"]
[White "Mydlar, Matej"]
[Black "Kozdon, Marek"]
[Result "1/2-1/2"]
[ECO "B41"]
[WhiteElo "1554"]
[BlackElo "1183"]
[Annotator "NA"]
[PlyCount "117"]
[EventDate "2022.03.12"]
[EventType "swiss"]
[EventCountry "CZE"]
[SourceTitle "playchess.com"]
[Source "ChessBase"]
[SourceQuality "1"]
[TimeControl "5400+30"]

1. e4 c5 2. Nf3 e6 3. d4 cxd4 4. Nxd4 a6 5. c4 Nf6 6. Nc3 Qc7 7. Be2 d6 8. O-O b6 9. Be3 Bb7 10. f3 Nbd7 11. Qd2 Rc8 12. Rac1 Be7 13. Rfe1 Qb8 14. Bf1 Bd8 15. b3 Bc7 16. g3 O-O 17. Qf2 Rfe8 18. Bh3 Nc5 19. Red1 Rcd8 20. Bg5 Ncd7 21. Nc2 h6 22. Be3 Nc5 23. b4 Ncd7 24. Na4 b5 25. cxb5 axb5 26. Nc3 Ba6 27. Nd4 Rc8 28. a4 bxa4 29. b5 Ba5 30. Nc6 Rxc6 31. bxc6 Ne5 32. Bf1 Bxf1 33. Qxf1 Qb3 34. Bd4 Nxc6 35. Bxf6 gxf6 36. Ne2 Ne5 37. Kg2 Nc4 38. Rxc4 Qxc4 39. Rxd6 Rd8 40. Rxd8+ Bxd8 41. Qd1 Kg7 42. Nf4 Bc7 43. Nh5+ Kg6 44. f4 Qxe4+ 45. Kh3 Qf5+ 46. g4 Qe4 47. Ng3 Qxf4 48. Qc2+ f5 49. gxf5+ exf5 50. Qc6+ Bd6 51. Qc8 Qg4+ 52. Kg2 Bxg3 53. hxg3 Qe4+ 54. Kh2 Qe2+ 55. Kh3 Qf1+ 56. Kh2 Qf2+ 57. Kh1 Qe1+ 58. Kh2 Qd2+ 59. Kh3 1/2-1/2

[Event "CZE-ch Youth B12 2022"]
[Site "Luhacovice"]
[Date "2022.03.17"]
[Round "7.8"]
[White "Sotek, Simon"]
[Black "Chon, Jeremy"]
[Result "0-1"]
[ECO "B35"]
[WhiteElo "1280"]
[BlackElo "1455"]
[Annotator "NA"]
[PlyCount "62"]
[EventDate "2022.03.12"]
[EventType "swiss"]
[EventCountry "CZE"]
[SourceTitle "playchess.com"]
[Source "ChessBase"]
[SourceQuality "1"]
[TimeControl "5400+30"]

1. e4 c5 2. Nf3 g6 3. d4 cxd4 4. Nxd4 Bg7 5. Be3 Nc6 6. Nc3 Nf6 7. Bc4 O-O 8. Bb3 e6 9. O-O d5 10. exd5 exd5 11. h3 a6 12. Re1 Qd6 13. Nxc6 bxc6 14. Na4 Rd8 15. Bc5 Qf4 16. Bd4 Ng4 17. Bb6 Qh2+ 18. Kf1 Qh1+ 19. Ke2 Qxg2 20. Rg1 Re8+ 21. Kd2 Bh6+ 22. Kc3 Qxh3+ 23. Qd3 Bg7+ 24. Kd2 Qh2 25. Qf3 Bh6+ 26. Kc3 Qe5+ 27. Bd4 Bd2+ 28. Kxd2 Qxd4+ 29. Kc1 Qxf2 30. Qh1 Qe3+ 31. Kb1 Nf2 0-1

[Event "CZE-ch Youth B12 2022"]
[Site "Luhacovice"]
[Date "2022.03.17"]
[Round "7.9"]
[White "Stejskal, Jakub"]
[Black "Topencik, Bruno"]
[Result "0-1"]
[ECO "C25"]
[WhiteElo "1557"]
[BlackElo "1339"]
[Annotator "NA"]
[PlyCount "116"]
[EventDate "2022.03.12"]
[EventType "swiss"]
[EventCountry "CZE"]
[SourceTitle "playchess.com"]
[Source "ChessBase"]
[SourceQuality "1"]
[TimeControl "5400+30"]

1. e4 e5 2. Nc3 Nc6 3. f4 d6 4. Nf3 a6 5. a3 Be6 6. b4 f6 7. Bb2 Nge7 8. h3 exf4 9. d4 d5 10. Bc1 dxe4 11. Nxe4 Bd5 12. Bd3 f5 13. Nc5 Bxf3 14. Qxf3 Qxd4 15. Nb3 Qe5+ 16. Kf2 O-O-O 17. Bxf4 Qd5 18. Qg3 Ng6 19. Bxc7 f4 20. Bxf4 Nxf4 21. Qxf4 Bc5+ 22. Ke2 Qxg2+ 23. Kd1 Qxh1+ 24. Kd2 Qg2+ 25. Kc1 Bd6 26. Qf7 Qg1+ 27. Kd2 Qh2+ 28. Kd1 Qe5 29. Bf5+ Kb8 30. Bd3 Rhf8 31. Qc4 Rfe8 32. Kc1 Qe1+ 33. Kb2 Be5+ 34. c3 Qf2+ 35. Bc2 Qf4 36. Qc5 Bd6 37. Qb6 Qe3 38. Qxe3 Rxe3 39. Bxh7 Rxh3 40. Bc2 Be5 41. Kc1 Rh1+ 42. Kb2 Rxa1 43. Kxa1 Bxc3+ 44. Kb1 Nd4 45. Nxd4 Bxd4 46. Kc1 Be3+ 47. Kb2 g5 48. a4 g4 49. b5 Rd2 50. Kc3 Rxc2+ 51. Kxc2 g3 52. bxa6 bxa6 53. a5 g2 54. Kb2 g1=Q 55. Ka2 Bb6 56. Ka3 Qb1 57. Ka4 Bxa5 58. Ka3 Ka8 0-1

[Event "CZE-ch Youth B12 2022"]
[Site "Luhacovice"]
[Date "2022.03.17"]
[Round "7.10"]
[White "Letal, Hynek"]
[Black "Jansky, Adam"]
[Result "1-0"]
[ECO "C88"]
[WhiteElo "1371"]
[BlackElo "1233"]
[Annotator "NA"]
[PlyCount "117"]
[EventDate "2022.03.12"]
[EventType "swiss"]
[EventCountry "CZE"]
[SourceTitle "playchess.com"]
[Source "ChessBase"]
[SourceQuality "1"]
[TimeControl "5400+30"]

1. e4 e5 2. Nf3 Nc6 3. Bb5 a6 4. Ba4 Nf6 5. O-O b5 6. Bb3 Be7 7. Re1 O-O 8. h3 Na5 9. Nxe5 Nxb3 10. axb3 Bb7 11. d3 d5 12. exd5 Qxd5 13. Nf3 Bd6 14. Nc3 Qc6 15. Bg5 Bc5 16. Qd2 h6 17. Bh4 Rae8 18. Rxe8 Rxe8 19. Re1 Rxe1+ 20. Qxe1 Nh5 21. Qe5 Qg6 22. Qxc5 Bxf3 23. g3 Qe6 24. Qe3 Qxe3 25. fxe3 g5 26. g4 gxh4 27. gxh5 Bxh5 28. Nd5 Bd1 29. c3 c6 30. Ne7+ Kf8 31. Nxc6 Bxb3 32. Nb4 Be6 33. Nxa6 Bxh3 34. Nc7 Bd7 35. Kg2 Kg7 36. b3 f5 37. c4 bxc4 38. dxc4 Kf7 39. b4 Bc8 40. c5 Ke7 41. Nd5+ Kd8 42. b5 Be6 43. Nf4 Bc4 44. b6 Ba6 45. c6 Bb5 46. Ne6+ Kc8 47. b7+ Kb8 48. Nd4 Bd3 49. Kh3 Be4 50. Kxh4 Bxc6 51. Nxc6+ Kxb7 52. Ne7 Kc7 53. Nxf5 Kd7 54. Nxh6 Ke6 55. Kg4 Kf6 56. Kf4 Ke7 57. e4 Kf6 58. e5+ Ke6 59. Ng4 1-0

[Event "CZE-ch Youth B12 2022"]
[Site "Luhacovice"]
[Date "2022.03.17"]
[Round "7.11"]
[White "Tejnor, Martin"]
[Black "Knapek, Jan"]
[Result "1-0"]
[ECO "B70"]
[WhiteElo "1367"]
[BlackElo "1340"]
[Annotator "NA"]
[PlyCount "91"]
[EventDate "2022.03.12"]
[EventType "swiss"]
[EventCountry "CZE"]
[SourceTitle "playchess.com"]
[Source "ChessBase"]
[SourceQuality "1"]
[TimeControl "5400+30"]

1. e4 c5 2. Nf3 d6 3. d4 cxd4 4. Nxd4 Nf6 5. Nc3 g6 6. Be2 Bg7 7. O-O O-O 8. Be3 Nc6 9. f3 Qb6 10. Qd2 Re8 11. Nxc6 Qxc6 12. Bb5 Qc7 13. Bxe8 Nxe8 14. Nd5 Qd7 15. c3 e6 16. Nb4 a5 17. Nc2 b5 18. Rfd1 Qc6 19. Nd4 Qb7 20. Rac1 e5 21. Nc2 Be6 22. b3 a4 23. Na1 a3 24. Nc2 f5 25. exf5 gxf5 26. Nb4 f4 27. Bf2 Bf8 28. Nd5 Nc7 29. Nf6+ Kg7 30. Ne4 d5 31. Nc5 Bxc5 32. Bxc5 Qc6 33. Bf2 Na6 34. Qe2 e4 35. Bd4+ Kf7 36. fxe4 dxe4 37. Qh5+ Ke7 38. Qg5+ Ke8 39. Qxf4 Rc8 40. Rf1 Kd7 41. Rcd1 Ke7 42. Qf6+ Ke8 43. Qf8+ Kd7 44. Be5+ Bd5 45. Rf7+ Ke6 46. Qe7# 1-0

[Event "CZE-ch Youth B12 2022"]
[Site "Luhacovice"]
[Date "2022.03.17"]
[Round "7.12"]
[White "Ruzicka, Oto"]
[Black "Pasek, Josef"]
[Result "1/2-1/2"]
[ECO "B32"]
[WhiteElo "1233"]
[BlackElo "1351"]
[Annotator "NA"]
[PlyCount "105"]
[EventDate "2022.03.12"]
[EventType "swiss"]
[EventCountry "CZE"]
[SourceTitle "playchess.com"]
[Source "ChessBase"]
[SourceQuality "1"]
[TimeControl "5400+30"]

1. e4 c5 2. Nf3 Nc6 3. d4 cxd4 4. Nxd4 e5 5. Nb5 d6 6. c4 a6 7. N5a3 Nge7 8. Nc3 g6 9. Bg5 Bg7 10. Nc2 O-O 11. Be2 h6 12. Bh4 f5 13. f3 g5 14. Bf2 f4 15. O-O Bf6 16. Rb1 b6 17. a4 Bd7 18. Qxd6 Be8 19. Qxd8 Rxd8 20. Rfd1 Nd4 21. Nxd4 exd4 22. Nd5 Nxd5 23. cxd5 a5 24. b3 Kf7 25. Bxd4 Bxd4+ 26. Rxd4 Kf6 27. Rc1 Ke5 28. Rd2 Bd7 29. Bc4 g4 30. Kf2 gxf3 31. gxf3 Rg8 32. Rdd1 Rg7 33. Bf1 Rc8 34. Rc4 Rxc4 35. Bxc4 Bh3 36. Bf1 Bc8 37. d6 Bd7 38. Rd5+ Kf6 39. e5+ Ke6 40. Bc4 Kf5 41. Bd3+ Ke6 42. Bc4 Kf5 43. e6+ Kxe6 44. Rxa5+ Kxd6 45. Rh5 Rg6 46. Bd3 Rf6 47. a5 bxa5 48. Rxa5 Bc8 49. b4 Bb7 50. Be4 Bc8 51. Rc5 Bd7 52. Rd5+ Kc7 53. Rc5+ 1/2-1/2

[Event "CZE-ch Youth B12 2022"]
[Site "Luhacovice"]
[Date "2022.03.18"]
[Round "8.1"]
[White "Delgerdalai, Bayarjavkhlan"]
[Black "Mikulka, Martin Michael"]
[Result "1-0"]
[ECO "A59"]
[WhiteElo "2074"]
[BlackElo "1406"]
[Annotator "ChessBase"]
[PlyCount "97"]
[EventDate "2022.03.12"]
[EventType "swiss"]
[EventCountry "CZE"]
[SourceTitle "playchess.com"]
[Source "ChessBase"]
[SourceQuality "1"]
[TimeControl "5400+30"]

1. d4 Nf6 2. c4 c5 3. d5 b5 4. cxb5 a6 5. bxa6 Bxa6 6. Nc3 g6 7. e4 Bxf1 8. Kxf1 d6 9. g3 Bg7 10. Kg2 O-O 11. Nf3 Nbd7 12. Bf4 Qb6 13. Qc2 Rfb8 14. Rhb1 Ne8 15. Be3 Qb4 16. Nd2 Nc7 17. a3 Qb7 18. Ra2 Na6 19. b3 Ne5 20. h3 Nd7 21. Nc4 Ne5 22. f4 Nxc4 23. bxc4 Qc8 24. Rxb8 Rxb8 25. Nb5 Nc7 26. Na7 Qd7 27. Nc6 Rb6 28. Bd2 Rxc6 29. dxc6 Qxc6 30. Kh2 Ne6 31. Be3 Bd4 32. Bxd4 Nxd4 33. Qd3 Qa4 34. Rb2 Qa8 35. g4 f6 36. Qe3 Qa6 37. e5 Kf7 38. exf6 Kxf6 39. Rb8 Qa7 40. Rb1 Qa4 41. Rb7 Nc6 42. Rc7 h6 43. Qe4 d5 44. Qxd5 Qc2+ 45. Qg2 Nd4 46. Qxc2 Nxc2 47. a4 Nd4 48. a5 Ne6 49. Rc6 1-0

[Event "CZE-ch Youth B12 2022"]
[Site "Luhacovice"]
[Date "2022.03.18"]
[Round "8.2"]
[White "Popov, Roman"]
[Black "Kutil, Adam"]
[Result "1-0"]
[ECO "A52"]
[WhiteElo "2353"]
[BlackElo "1544"]
[Annotator "RC"]
[PlyCount "92"]
[EventDate "2022.03.12"]
[EventType "swiss"]
[EventCountry "CZE"]
[SourceTitle "playchess.com"]
[Source "ChessBase"]
[SourceQuality "1"]
[TimeControl "5400+30"]

1. d4 Nf6 2. c4 e5 3. dxe5 Ng4 4. Nf3 Bc5 5. e3 Nc6 6. a3 Ngxe5 7. Nc3 O-O 8. b4 Be7 9. Bb2 d6 10. Be2 Be6 11. Nd5 Bf6 12. Qc2 Nxf3+ 13. Bxf3 Bxb2 14. Qxb2 Ne5 15. Be2 c6 16. Nf4 Bxc4 17. Bxc4 Nxc4 18. Qd4 b5 19. h4 Qb6 20. Qc3 a5 21. O-O axb4 22. axb4 Rfe8 23. Nh5 f6 24. Ng3 Kf8 25. Nf5 Ra7 26. Rfd1 Rxa1 27. Qxa1 c5 28. Qc3 Re5 29. bxc5 dxc5 30. Qc2 g6 31. Ng3 Re6 32. Rd7 Re7 33. Rd5 Qc6 34. Qd3 Ne5 35. Rd8+ Re8 36. Rxe8+ Kxe8 37. Qb3 c4 38. Qc3 Kf7 39. Ne2 Nd3 40. Nd4 Qc5 41. Qa5 b4 42. Qd8 Qe7 43. Qd5+ Kg7 44. Qxc4 Ne5 45. Qd5 Kh6 46. Qe4 Qf8 1-0